 Dungeon Crawl Stone Soup version 0.20-a0-1023-gc4d110f (webtiles) character file.

137 Multipenetrator the Vandal (level 5, 0/34 HPs)
             Began as a Halfling Hunter on Apr 19, 2017.
             Killed by nerve-wracking pain
             ... invoked by Grinder
              (9 damage)
             ... on level 3 of the Dungeon.
             The game lasted 00:16:53 (1462 turns).

Multipenetrator the Vandal (Halfling Hunter)        Turns: 1462, Time: 00:16:53

Health: 0/34       AC:  3    Str: 13    XL:     5   Next: 44%
Magic:  5/5        EV: 15    Int:  9    God:
Gold:   91         SH:  0    Dex: 16    Spells: 4/4 levels left

rFire    . . .     SeeInvis .   a - +1 hunting sling
rCold    . . .     Gourm    .   (shield restricted)
rNeg     . . .     Faith    .   c - +0 leather armour
rPois    .         Spirit   .   (no helmet)
rElec    .         Reflect  .   (no cloak)
rCorr    .         Harm     .   (no gloves)
MR       .....                  (no boots)
Stlth    ++........             (no amulet)
Regen    0.2/turn               (no ring)
MPRegen  0.1/turn               (no ring)

@: no status effects
A: mutation resistance 1
a: no special abilities


You were on level 3 of the Dungeon.
You were not hungry.

You visited 1 branch of the dungeon, and saw 3 of its levels.

You collected 91 gold pieces.

Inventory:

Hand Weapons
 a - a +1 hunting sling (weapon)
 b - a +0 short sword
 h - a +1 dagger of venom
 q - a +0 dagger of venom
Missiles
 j - 29 stones (quivered)
Armour
 c - a +0 leather armour (worn)
Scrolls
 i - 5 scrolls of identify {unknown}
 k - a scroll of remove curse {unknown}
 o - a scroll of enchant armour {unknown}
Potions
 e - a potion of experience {unknown}
 g - 5 potions of flight {unknown}
 m - a potion of haste {unknown}
 n - a potion of agility
 r - a potion of degeneration {unknown}
Comestibles
 f - 4 bread rations
 l - a meat ration
 p - 2 royal jellies
 s - a chunk of flesh


   Skills:
 + Level 2.0 Fighting
 + Level 1.9 Short Blades
 + Level 6.3(6.5) Slings
 + Level 1.1(2.9) Throwing
 + Level 2.1 Armour
 + Level 2.9 Dodging
 * Level 2.8 Stealth


You had 4 spell levels left.
You didn't know any spells.

Dungeon Overview and Level Annotations

Branches:
Dungeon (3/15)

Altars:
Nemelex Xobeh

Annotations:
D:3 Grinder


Innate Abilities, Weirdness & Mutations

You are small and have problems with some larger weapons.
You are somewhat resistant to further mutation.


Message History

Firing (i - inventory):
j - 32 stones (quivered)
Press: ? - help, Shift-Dir - straight line, f/p - Grinder
Aim: Grinder (almost dead)
You shoot a stone. The stone closely misses Grinder.
Grinder hits you but does no damage.
Firing (i - inventory):
j - 31 stones (quivered)
Press: ? - help, Shift-Dir - straight line, f/p - Grinder
Aim: Grinder (almost dead)
You shoot a stone. The stone closely misses Grinder.
Grinder hits you.
* * * LOW HITPOINT WARNING * * *
You writhe in agony.
* * * LOW HITPOINT WARNING * * *
Firing (i - inventory):
j - 30 stones (quivered)
Press: ? - help, Shift-Dir - straight line, f/p - Grinder
Aim: Grinder (almost dead)
You shoot a stone. The stone hits Grinder.
Grinder is almost dead.
Grinder gestures at you. Pain shoots through your body!
You die...

##### ....### #.....#
#.....####### ### #
#............. ..# .#
......##### #)##.##.#
#.....# #(#.#%#
###)####### #5@(#
........... ##.##
###.#######
#.##.################
# #.#
#............֠......
# #.#
######.#####.#####[##
# #.# #.# #.# #.#
###.###### #.# #.#
#.# .........#######
#.# #.# #.#
.##.####........ ..#
#.# #.#


You could see Grinder.

Vanquished Creatures
  4 gnolls (D:2)
  5 adders
  2 oozes
  3 worms
  A dart slug (D:3)
  An orc (D:3)
  7 bats
  4 hobgoblins
  A ball python (D:3)
  3 frilled lizards
  7 kobolds
  4 rats
42 creatures vanquished.

Notes
Turn   | Place    | Note
-------+----------+-------------------------------------------
     0 | D:1      | Multipenetrator the Halfling Hunter began the quest for the Orb.
     0 | D:1      | Reached XP level 1. HP: 14/14 MP: 1/1
    78 | D:1      | Reached XP level 2. HP: 4/19 MP: 2/2
   101 | D:1      | Reached skill level 1 in Armour
   402 | D:2      | Reached skill level 1 in Short Blades
   466 | D:3      | Reached XP level 3. HP: 24/24 MP: 3/3
   595 | D:3      | Reached skill level 6 in Slings
   660 | D:3      | Reached skill level 1 in Throwing
   660 | D:3      | Reached XP level 4. HP: 29/29 MP: 4/4
   866 | D:2      | Reached XP level 5. HP: 27/34 MP: 5/5
   890 | D:2      | Found a sparkling altar of Nemelex Xobeh.
  1448 | D:3      | Noticed Grinder
  1462 | D:3      | Killed from afar by Grinder

Vault maps used:
D:1:      dpeg_arrival_simpleton_c
D:2:      marbit_many_paths, lemuel_tele_altar
D:3:      gammafunk_temple_overflow_elements, uniq_grinder

Skill      XL: |  1  2  3  4  5 |
---------------+----------------+-----
Armour         | 1 2 |  2.1
Short Blades   | 1 |  1.9
Slings         | 6 |  6.3
Stealth        | 2 |  2.8
Fighting       | 2 |  2.0
Throwing       | 1 |  1.1
Dodging        | |  2.9

Action                   |  1- 3 |  4- 6 || total
-------------------------+-------+-------++-------
Melee: Short sword       |     4 |       ||     4
       Hunting sling     |     5 |       ||     5
 Fire: Hunting sling     |    69 |    94 ||   163
  Eat: Chunk             |       |     1 ||     1
Armor: Leather armour    |     8 |     5 ||    13
Dodge: Dodged            |    25 |    17 ||    42
